 Dungeon Crawl Stone Soup version 0.21-a0-270-g8204059 (webtiles) character file.

29 tof the Sneak (level 3, 0/27 HPs)
             Began as a Demonspawn Assassin on Sept 13, 2017.
             Slain by an ogre
             ... wielding a +0 giant club
              (25 damage)
             ... on level 2 of the Dungeon.
             The game lasted 00:02:50 (1207 turns).

tof the Sneak (Demonspawn Assassin)                 Turns: 1207, Time: 00:02:51

Health: 0/27       AC:  5    Str: 11    XL:     3   Next: 1%
Magic:  3/3        EV: 12    Int: 12    God:
Gold:   65         SH:  0    Dex: 15    Spells: 2/2 levels left

rFire    . . .     SeeInvis .   a - +2 dagger
rCold    . . .     Gourm    .   (no shield)
rNeg     . . .     Faith    .   c - +0 robe
rPois    .         Spirit   .   (no helmet)
rElec    .         Reflect  .   d - +0 cloak
rCorr    .         Harm     .   (no gloves)
MR       .....                  (no boots)
Stlth    +++.......             (no amulet)
HPRegen  0.09/turn              p - +1 ring of slaying
MPRegen  0.08/turn              (no ring)

@: no status effects
A: slimy green scales 1
a: no special abilities


You were on level 2 of the Dungeon.
You were not hungry.

You visited 1 branch of the dungeon, and saw 2 of its levels.

You collected 65 gold pieces.

Inventory:

Hand Weapons
 a - a +2 dagger (weapon)
 b - a +0 blowgun
Missiles
 e - 18 poisoned needles
 f - 2 curare-tipped needles
Armour
 c - a +0 robe (worn)
 d - a +0 cloak (worn)
Jewellery
 p - a +1 ring of slaying (left hand)
Scrolls
 i - a scroll of fear
 k - a scroll of enchant armour
 l - a scroll of fog
 o - a scroll of teleportation {unknown}
 q - a scroll of amnesia {unknown}
 s - a scroll of recharging {unknown}
Potions
 h - a potion of curing {unknown}
 m - a potion of cancellation {unknown}
 n - a potion of resistance {unknown}
Comestibles
 g - 2 bread rations
 j - 2 chunks of flesh


   Skills:
 + Level 2.2 Fighting
 * Level 2.3 Short Blades
 + Level 1.9 Throwing
 * Level 1.2 Dodging
 * Level 3.9 Stealth


You had 2 spell levels left.
You didn't know any spells.

Dungeon Overview and Level Annotations

Branches:
Dungeon (2/15)

Altars:


Innate Abilities, Weirdness & Mutations

You are partially covered in slimy green scales. (AC +2)


Message History

An ooze comes into view.
a - a +2 dagger (weapon)
The ooze quivers.
Some of the chunks of flesh in your inventory have rotted away.
The ooze hits you but does no damage. The ooze hits you.
You hit the ooze.
The ooze is moderately wounded.
The ooze barely misses you.
You hit the ooze.
The ooze is heavily wounded.
The ooze hits you but does no damage.
You hit the ooze.
The ooze is severely wounded.
The ogre hits you with a giant club!!
Ouch! That really hurt!
You die...

#....# #.....##...# #....#
#.....###.## .....####
#.....# #....... ##......#
#.....########.#
##...##.##########.......((..
.#......................(....
........#############........
..#.#####...............#####
..#.# ......J@O....#.# ..#.#
.............#... ..#.#
............##.... #.#..
............# ..... ..###
............# ...#. ###
............# ..#
#############


You could see an ogre and an ooze.

Vanquished Creatures
  2 dart slugs (D:1)
  2 leopard geckos
  A goblin (D:1)
  5 hobgoblins
  3 bats
  A frilled lizard (D:1)
  3 kobolds (D:1)
  7 rats
24 creatures vanquished.

Notes
Turn   | Place    | Note
-------+----------+-------------------------------------------
     0 | D:1      | tof the Demonspawn Assassin began the quest for the Orb.
     0 | D:1      | Reached XP level 1. HP: 16/16 MP: 1/1
   235 | D:1      | Reached skill level 1 in Dodging
   327 | D:1      | Gained mutation: You are partially covered in slimy green scales. (AC +2) [demonic ancestry]
   327 | D:1      | Reached XP level 2. HP: 11/22 MP: 2/2
  1050 | D:2      | Reached XP level 3. HP: 27/27 MP: 3/3
  1195 | D:2      | Noticed an ogre
  1207 | D:2      | Slain by an ogre

Vault maps used:
D:1:      dpeg_arrival_pits

Skill      XL: |  1 |
---------------+----+-----
Dodging        | 1 |  1.2
Short Blades   | 2 |  2.3
Fighting       | |  2.2
Throwing       | |  1.9
Stealth        | |  3.9

Action                   || total
-------------------------++-------
Melee: Dagger            ||    58
 Fire: Blowgun           ||     4
  Use: Scroll            ||     5
 Stab: Sleeping          ||     9
  Eat: Chunk             ||     1
Armor: Robe              ||    15
Dodge: Dodged            ||    29

Table legend:
 A = Spawn XP
 B = Non-spawn XP
 C = Spawn XP percentage of total XP
 D = Spawn monster count
 E = Non-spawn monster count
 F = Spawn count percentage of total count
 G = Total turns spent on level
                    A         B        C        D         E        F      G
               +---------+---------+-------+---------+---------+-------+---------
         Total |       0 |      42 |   0.0 |       0 |      24 |   0.0 |  1207
               +---------+---------+-------+---------+---------+-------+---------
           D:1 |       0 |      34 |   0.0 |       0 |      20 |   0.0 |  1034
           D:2 |       0 |       8 |   0.0 |       0 |       4 |   0.0 |   173
               +---------+---------+-------+---------+---------+-------+---------
